 Dungeon Crawl Stone Soup version 0.30.1 (webtiles) character file.

Game seed: 6033804196520507626

357 monsoonserge the Magician (level 6, -26/40 HPs)
             Began as a Djinni Venom Mage on July 8, 2023.
             Was an Initiate of Ru.
             Annihilated by an ogre
             ... wielding a +0 giant club
              (30 damage)
             ... on level 4 of the Dungeon.
             The game lasted 00:22:12 (3747 turns).

monsoonserge the Magician (Djinni Venom Mage)       Turns: 3747, Time: 00:22:14

Health: -26/40     AC:  5    Str:  7    XL:     6   Next: 96%
Gold:   198        EV: 17    Int: 18    God:    Ru [......] SH:  0 Dex: 19

rFire   + + .        s - +2 dagger (venom)
rCold   x . .        (no shield)
rNeg    . . .        d - +1 leather armour of Compression {Dex+5 Stlth+}
rPois   ∞            p - +0 helmet
rElec   .            (no cloak)
rCorr   .            (no gloves)
SInv    .            (boots unavailable)
Will    .....        (no amulet)
Stlth   +++          o - +5 ring of evasion
HPRegen 0.26/turn    (no ring)
MPRegen 0.00/turn

%: infuse magic (-27 HP)
@: flying
A: sickness immunity, fire resistance 2, cold vulnerability 1, float, innate
caster, HP casting, extra vitality 1
a: Renounce Religion


You were on level 4 of the Dungeon.
You worshipped Ru.
Ru was noncommittal.
You visited 2 branches of the dungeon, and saw 5 of its levels.
You also visited: Sewer.

You collected 198 gold pieces.

Inventory:

Hand Weapons
 s - a +2 dagger of venom (weapon)
Missiles
 n - 3 silver boomerangs
Armour
 d - the +1 leather armour of Compression (worn) {Dex+5 Stlth+}
   (You found it on level 3 of the Dungeon)

   Dex:       It affects your dexterity (+5).
   Stlth:     It makes you more stealthy.
 p - a +0 helmet (worn)
 t - the +0 plate armour of the Present {Rampage rN+++ Will+ MP-9}
   (You found it on level 3 of the Dungeon)

   rN:        It renders you almost immune to negative energy.
   MP:        It affects your magic capacity (-9).
   Rampage:   It bestows one free step when moving towards enemies.
   Will:      It increases your willpower.
Magical Staves
 i - a staff of air
Jewellery
 o - a +5 ring of evasion (left hand)
Scrolls
 a - a scroll of noise {unknown}
 c - 3 scrolls of summoning {unknown}
 g - 2 scrolls of teleportation {unknown}
 j - a scroll of magic mapping {unknown}
 l - 6 scrolls of identify {unknown}
 r - a scroll of amnesia {unknown}
 u - a scroll of acquirement {unknown}
Potions
 b - a potion of ambrosia {unknown}
 e - a potion of heal wounds {unknown}
 f - a potion of mutation {unknown}
 h - a potion of cancellation {unknown}
 k - a potion of resistance {unknown}
 m - a potion of magic {unknown}
 q - 3 potions of curing {unknown}


   Skills:
 + Level 0.3 Fighting
 + Level 0.2 Short Blades
 * Level 1.5 Armour
 + Level 2.8 Dodging
 + Level 1.8 Stealth
 * Level 5.1 Spellcasting


You knew the following spells:

 Your Spells              Type           Power      Damage    Failure   Level
a - Sting                 Tmut/Pois      92%        1d7       2%          1
b - Poisonous Vapours     Pois/Air       46%        N/A       3%          2
c - Mephitic Cloud        Conj/Pois/Air  23%        N/A       7%          3
d - Olgreb's Toxic Radia  Pois           23%        N/A       24%         4
e - Summon Small Mammal   Summ           92%        N/A       2%          1
f - Ensorcelled Hibernat  Hex/Ice        46%        N/A       3%          2
Your spell library was empty.

Dungeon Overview and Level Annotations

Branches:
Dungeon (4/15)             Temple (1/1) D:4           Sewer (visited)

Altars:
Cheibriados
Dithmenos
Fedhas
Gozag
Hepliaklqana
Makhleb
Nemelex Xobeh
Okawaru
Qazlal
Ru
Uskayaw
Wu Jian
Xom
Yredelemnul
Zin

Annotations:
D:1 1 exclusion


Innate Abilities, Weirdness & Mutations

You are immune to sickness and miasma.
You are immune to poison.
Your flesh is very heat resistant. (rF++)
You are vulnerable to cold. (rC-)
You float through the air rather than walking.
You learn spells naturally, not from books.
Your magical power is your life essence.
You have superior vitality. (+4 MHP)


Message History

Confirm with . or Enter, or press ? or * to list all spells.
Aiming: Poisonous Vapours (safe; 3% risk of failure)
Press: ? - help, Dir - move target, f/p - ogre
Aim: an ogre, wielding a +0 giant club (lightly wounded, poisoned) Poisonous vapours surround the ogre!
The ogre looks even sicker.
You hit the endoplasm but do no damage. The endoplasm misses you.
You barely miss the endoplasm. The endoplasm barely misses you.
Casting: Poisonous Vapours (safe; 3% risk of failure)
Confirm with . or Enter, or press ? or * to list all spells.
Aiming: Poisonous Vapours (safe; 3% risk of failure)
Press: ? - help, Dir - move target, f/p - ogre
Aim: an ogre, wielding a +0 giant club (lightly wounded, very poisoned) Poisonous vapours surround the ogre!
The ogre looks even sicker.
The endoplasm barely misses you.
Casting: Poisonous Vapours (safe; 3% risk of failure)
Confirm with . or Enter, or press ? or * to list all spells.
Aiming: Ensorcelled Hibernation (safe; 3% risk of failure)
Press: ? - help, Shift-Dir - straight line, f/p - ogre
Aim: an ogre, wielding a +0 giant club (moderately wounded, very poisoned, chance to affect: 55%)
The ogre looks drowsy...
The endoplasm closely misses you.
The helpless ogre fails to defend itself.
You puncture the ogre!
The ogre is heavily wounded.
The ogre hits you with a +0 giant club!!
Ouch! That really hurt!
* * * LOW HITPOINT WARNING * * *
The endoplasm hits you but does no damage.
Casting: Ensorcelled Hibernation (safe; 3% risk of failure)
Confirm with . or Enter, or press ? or * to list all spells.
* * * LOW HITPOINT WARNING * * *
The endoplasm freezes you.
You are frozen.
You feel a terrible chill!
* * * LOW HITPOINT WARNING * * *
Casting: Summon Small Mammal (safe; 2% risk of failure)
Confirm with . or Enter, or press ? or * to list all spells.
* * * LOW HITPOINT WARNING * * *
Your bat hits the ogre.
Your bat barely misses the ogre.
The ogre hits you with a +0 giant club!!
Ouch! That really hurt!
You die...

# ######.#.###...##.#.###.
#.######........###.#.#
.................#....###.
#.#...........<..>...†...
##..##...##...#....###.
##.##...##......#.#
#.b........#####)#.#
#...Ob............#
#...@J............#
#.##..[##..#.####.#
...##...##..#.# #.#
###..........#.# #..
##..###.##.#.# ## #..
#.##.#.# #.. #......# #..
#..#.#< .....


You could see an ogre (very poisoned, ally target), an endoplasm and 2 friendly
bats.

Vanquished Creatures
  3 orc wizards (D:3)
  4 gnolls
  7 adders
  4 river rats (Sewer)
  A dart slug (D:2)
  8 worms
  6 orcs (D:3)
  4 endoplasms
  7 giant cockroaches
  7 goblins
  8 hobgoblins
  6 jackals
  4 kobolds (D:1)
  8 quokkas
  13 ball pythons
  10 bats
  5 frilled lizards
  7 rats
112 creatures vanquished.

Vanquished Creatures (collateral kills)
  3 endoplasms
  A goblin (D:2)
  A ball python (Sewer)
  A bat (Sewer)
  A frilled lizard (D:2)
7 creatures vanquished.

Grand Total: 119 creatures vanquished

Notes
Turn   | Place    | Note
-------+----------+-------------------------------------------
     0 | D:1      | monsoonserge the Djinni Venom Mage began the quest for the
                  | Orb.
     0 | D:1      | monsoonserge set off with the following spells memorised:
                  | Sting, Poisonous Vapours, Mephitic Cloud, Olgreb's Toxic
                  | Radiance.
     0 | D:1      | Reached XP level 1. HP: 15/15 MP: 0/0
    49 | D:1      | Found a faded altar of an unknown god.
    57 | D:1      | Reached XP level 2. HP: 18/21 MP: 0/0
   219 | D:1      | Reached skill level 3 in Spellcasting
   245 | D:1      | Reached XP level 3. HP: 7/25 MP: 0/0
   245 | D:1      | Learned a level 1 spell: Summon Small Mammal
   896 | D:2      | Reached XP level 4. HP: 21/31 MP: 0/0
  1779 | D:3      | Reached XP level 5. HP: 30/35 MP: 0/0
  1779 | D:3      | Learned a level 2 spell: Ensorcelled Hibernation
  1796 | D:3      | Reached skill level 4 in Spellcasting
  1961 | D:3      | Identified the +1 leather armour of Compression {Dex+5
                  | Stlth+}
  1983 | D:3      | Found a glowing drain.
  1995 | Sewer    | Entered a sewer
  2225 | Sewer    | Reached XP level 6. HP: 31/40 MP: 0/0
  2547 | Sewer    | Reached skill level 1 in Armour
  3064 | D:3      | Identified the +0 plate armour of the Present {Rampage
                  | rN+++ Will+ MP-9}
  3222 | D:3      | Reached skill level 5 in Spellcasting
  3492 | D:4      | Found a staircase to the Ecumenical Temple.
  3505 | Temple   | Entered the Ecumenical Temple
  3653 | Temple   | Became a worshipper of Ru the Awakened
  3730 | D:4      | Noticed an ogre
  3747 | D:4      | Annihilated by an ogre

Illustrated notes

Levels and vault maps discovered:
D:1:      dreamdust_arrival_sigmund_warning, layout_loops_ring,
          ebering_ecumenical_altar_webs
D:2:      minmay_recursive_quarters, layout_basic
D:3:      layout_loops_ring, portal_sewer_entry_d
D:4:      layout_loops_ring, minmay_temple_entry_stoned_glass, st_stairs_12,
          pf_guarded_unrand_woodcutter
Temple:   nicolae_temple_elliptical

Skill      XL: |  1  2  3  4  5  6 |
---------------+-------------------+-----
Spellcasting   | 3 4 5 |  5.1
Armour         | 1 |  1.5
Fighting       | |  0.3
Short Blades   | |  0.2
Dodging        | |  2.8
Stealth        | |  1.8

Action                     |  1- 3 |  4- 6 || total
---------------------------+-------+-------++-------
  Melee: Dagger            |     3 |    49 ||    52
         Unarmed           |     1 |       ||     1
         Short sword       |     6 |    11 ||    17
   Cast: Sting             |    40 |    84 ||   124
         Poisonous Vapours |    17 |    76 ||    93
         Summon Small Mamm |     2 |    26 ||    28
         Mephitic Cloud    |       |     2 ||     2
         Ensorcelled Hiber |       |     1 ||     1
   Stab: Sleeping          |     2 |     3 ||     5
 Armour: Robe              |     2 |     1 ||     3
         Leather armour    |       |    19 ||    19
  Dodge: Dodged            |     4 |    56 ||    60
